 Dungeon Sprint DCSS version 0.21-a0-71-g5e5ddd2 (webtiles) character file.

9272 Kidiri the Eclecticist (level 11, -6/68 HPs)
             Began as a Deep Elf Fire Elementalist on June 19, 2017.
             Was the Champion of Vehumet.
             Mangled by Rupert
             ... wielding a +2 great sword of slicing
              (7 damage)
             ... while paralysed by Rupert
             ... in the Dungeon (Sprint III: "The Ten Rune Challenge").
             The game lasted 00:18:28 (3029 turns).

Kidiri the Eclecticist (Deep Elf Fire Elementalist) Turns: 3029, Time: 00:18:29

Health: -6/68      AC:  5    Str:  5    XL:     11   Next: 20%
Magic:  10/33      EV:  2    Int: 24    God:    Vehumet [******]
Gold:   26         SH:  0    Dex: 15    Spells: 6/42 levels left

rFire    . . .     SeeInvis .   t - +0 dagger
rCold    . . .     Gourm    .   (no shield)
rNeg     . . .     Faith    .   a - +0 robe
rPois    .         Spirit   .   (no helmet)
rElec    +         Reflect  .   j - +0 cloak
rCorr    .         Harm     .   e - +0 pair of gloves (curse)
MR       +....     Clarity  +   (no boots) Stlth ++........NoTele +
                                (no amulet)
HPRegen  0.21/turn              (no ring)
MPRegen  0.23/turn              (no ring)

@: paralysed
A: clarity, electricity resistance, wild magic 1
a: Renounce Religion


You were in the Dungeon.
You worshipped Vehumet.
Vehumet was exalted by your worship.
You were very full.

You visited 1 branch You collected 26 gold pieces.

Inventory:

Hand Weapons
 t - a +0 dagger (weapon)
Armour
 a - a +0 robe (worn)
 e - a cursed +0 pair of gloves (worn)
 j - a +0 cloak (worn)
Wands
 v - a wand of lightning (7/15)
Scrolls
 i - a scroll of blinking
 l - a scroll of torment
 m - a scroll of identify
 n - a scroll of remove curse
 r - a scroll of immolation
Potions
 b - a potion of heal wounds
 d - a potion of curing
 f - a potion of haste
 g - 2 potions of magic
 h - a potion of berserk rage
 k - 2 potions of mutation
 p - a potion of lignification
 q - 3 potions of flight
Comestibles
 c - a bread ration
 o - a meat ration
 s - 19 royal jellies
 u - 3 chunks of flesh


   Skills:
 + Level 7.8 Fighting
 + Level 8.5 Short Blades
 + Level 7.8 Armour
 - Level 10.6 Dodging
 - Level 2.4 Stealth
 * Level 16.4 Spellcasting
 + Level 10.6 Conjurations
 + Level 10.8 Fire Magic
 + Level 7.2 Air Magic
 + Level 4.6 Earth Magic
 + Level 7.0 Poison Magic


You had 6 spell levels left.
You knew the following spells:

 Your Spells              Type           Power        Failure   Level  Hunger
a - Flame Tongue          Conj/Fire      #####        1%          1    None
b - Throw Flame           Conj/Fire      ######       1%          2    None
c - Conjure Flame         Conj/Fire      #######.     1%          3    None
d - Inner Flame           Hex/Fire       ######..     1%          3    None
e - Ignite Poison         Fire/Tmut/Pois ######..     1%          3    None
f - Sticky Flame          Conj/Fire      #######.     1%          4    None
g - Fireball              Conj/Fire      #######...   1%          5    #......
h - Bolt of Magma         Conj/Fire/Erth ######....   1%          5    #......
i - Shock                 Conj/Air       ####         1%          1    None
j - Iron Shot             Conj/Erth      ######....   7%          6    ####...
k - Mephitic Cloud        Conj/Pois/Air  ######..     1%          3    None


Dungeon Overview and Level Annotations

Branches:
Dungeon (1/1)

Altars:
Cheibriados
Dithmenos
Elyvilon
Fedhas
Gozag
Hepliaklqana
Kikubaaqudgha
Makhleb
Nemelex Xobeh
Okawaru
Qazlal
Ru
Sif Muna
Trog
Uskayaw
Vehumet
Wu Jian
Xom
Yredelemnul
Zin
The Shining One
Beogh
Jiyva
Lugonu

Annotations:
D exclusion: 2 doors, Rupert


Innate Abilities, Weirdness & Mutations

You possess an exceptional clarity of mind.
You are resistant to electric shocks. (rElec)
Your spells are a little harder to cast, but a little more powerful.


Message History

Confirm with . or Enter, or press ? or * to list all spells.
Aiming: Iron Shot
Press: ? - help, Shift-Dir - straight line, f/p - Rupert
Aim: Rupert, wielding a great sword of slicing and wearing a leather armour (heavily wounded)
The iron shot hits Rupert.
Rupert is almost dead.
Casting: Iron Shot
Confirm with . or Enter, or press ? or * to list all spells.
Aiming: Iron Shot
Press: ? - help, Shift-Dir - straight line, f/p - Rupert
Aim: Rupert, wielding a great sword of slicing and wearing a leather armour (almost dead)
The iron shot hits Rupert.
Rupert is almost dead.
Rupert yells loudly at you.
You suddenly lose the ability to move!
Rupert roars madly and goes into a rage!
Rupert goes berserk!
Rupert hits you with a great sword of slicing!! x2
* * * LOW HITPOINT WARNING * * *
You die...

▓'#####...........#.[:#__#
▓.................#___#__+
▓▓▓▓▓▓▓▓▓▓▓▓▓▓▓▓▓▓▓▓▓▓▓▓▓▓
+≈≈§≈§≈≈≈≈♣♣.....♣♣♣♣
#≈.≈§§§≈≈≈♣♣.≈≈≈≈+♣♣'
#≈≈§§§§≈≈≈≈'.....#.≈♣
#≈.§§§§§≈≈♣♣♣♣♣♣♣#..♣
#≈≈≈≈≈≈≈≈≈♣ ###'
####@###### ♣♣♣♣.
........@...... ♣...#
#+############# ♣♣.## ♣..#
♣♣.# ♣♣.# ♣... ####


You could see Rupert (berserk).

Vanquished Creatures
  Erolcha (D)
  Urug (D)
  A lindwurm (D)
  A deep elf mage (D)
  2 spiny frogs (D)
  A rime drake (D)
  A komodo dragon (D)
  3 wandering mushrooms (D)
  2 tyrant leeches (D)
  A queen bee (D)
  5 blink frogs (D)
  A shadow (D)
  5 redbacks (D)
  A spatial vortex (D)
  A swamp drake (D)
  A necrophage (D)
  5 two-headed ogres (D)
  A water elemental (D)
  31 killer bees (D)
  Crazy Yiuf (D)
  A jelly (D)
  A wizard (D)
  A necromancer (D)
  3 humans (D)
  A kobold demonologist (D)
  2 oozes (D)
  2 rats (D)
77 creatures vanquished.

Vanquished Creatures (collateral kills)
  A killer bee (D)
1 creature vanquished.

Vanquished Creatures (others)
  2 draconian scorchers (D)
  6 hellions (D)
  2 yaktaurs (D)
10 creatures vanquished.

Grand Total: 88 creatures vanquished

Notes
Turn   | Place    | Note
-------+----------+-------------------------------------------
     0 | D        | Kidiri the Deep Elf Fire Elementalist began the quest for the Orb.
     0 | D        | Reached XP level 1. HP: 10/10 MP: 6/6
     7 | D        | Reached skill level 1 in Fighting
     7 | D        | Reached skill level 1 in Armour
     7 | D        | Reached skill level 4 in Spellcasting
     7 | D        | Reached XP level 2. HP: 7/16 MP: 0/9
    11 | D        | Learned a level 2 spell: Throw Flame
   107 | D        | Killed a hellion
   171 | D        | Killed a yaktaur
   189 | D        | Killed a white draconian scorcher
   204 | D        | Killed a white draconian scorcher
   207 | D        | Killed a hellion
   245 | D        | Reached skill level 5 in Spellcasting
   245 | D        | Reached XP level 3. HP: 3/20 MP: 0/11
   255 | D        | Learned a level 3 spell: Conjure Flame
   257 | D        | Killed a hellion
   257 | D        | Killed a hellion
   259 | D        | Learned a level 3 spell: Inner Flame
   376 | D        | Killed a hellion
   378 | D        | Killed a hellion
   524 | D        | Noticed Crazy Yiuf
   536 | D        | Killed Crazy Yiuf
   560 | D        | Gained mutation: You are resistant to electric shocks. (rElec) [potion of mutation]
   560 | D        | Gained mutation: Your spells are a little harder to cast, but a little more powerful. [potion of mutation]
   560 | D        | Gained mutation: You possess an exceptional clarity of mind. [potion of mutation]
   692 | D        | Noticed a water elemental
   694 | D        | Killed a water elemental
   694 | D        | Reached skill level 7 in Spellcasting
   694 | D        | Reached skill level 5 in Fire Magic
   694 | D        | Reached XP level 4. HP: 27/27 MP: 8/15
   700 | D        | Learned a level 4 spell: Sticky Flame
   741 | D        | Found a radiant altar of Vehumet.
   742 | D        | Found a deep blue altar of Sif Muna.
   742 | D        | Found an ancient bone altar of Kikubaaqudgha.
   742 | D        | Noticed a wizard
   744 | D        | Killed a wizard
   744 | D        | Reached skill level 5 in Dodging
   744 | D        | Reached XP level 5. HP: 32/32 MP: 12/17
   748 | D        | Noticed a red devil
   760 | D        | Learned a level 5 spell: Fireball
   767 | D        | Became a worshipper of Vehumet
   835 | D        | Found a glowing silver altar of Zin.
   836 | D        | Found a glowing golden altar of the Shining One.
   836 | D        | Found a white marble altar of Elyvilon.
   836 | D        | Noticed a deep elf mage
   849 | D        | Noticed a fire elemental
   849 | D        | Noticed a fire elemental
   852 | D        | Killed a deep elf mage
   852 | D        | Reached skill level 10 in Spellcasting
   852 | D        | Reached XP level 6. HP: 12/39 MP: 10/21
   852 | D        | Reached XP level 7. HP: 14/44 MP: 10/23
  1065 | D        | Found an ornate altar of the Wu Jian Council.
  1065 | D        | Found a roughly hewn altar of Beogh.
  1065 | D        | Found an iron altar of Okawaru.
  1065 | D        | Found a bloodstained altar of Trog.
  1065 | D        | Found a hide-covered altar of Uskayaw.
  1065 | D        | Noticed a human
  1067 | D        | Noticed a human
  1070 | D        | Killed a human
  1070 | D        | Reached skill level 11 in Spellcasting
  1071 | D        | Killed a human
  1071 | D        | Reached * piety under Vehumet
  1071 | D        | Offered knowledge of Shock by Vehumet.
  1198 | D        | Learned a level 1 spell: Shock
  1202 | D        | Found a basalt altar of Yredelemnul.
  1202 | D        | Found a shadowy altar of Dithmenos.
  1202 | D        | Found a sacrificial altar of Ru.
  1211 | D        | Reached skill level 5 in Fighting
  1211 | D        | Reached skill level 5 in Armour
  1281 | D        | Reached ** piety under Vehumet
  1281 | D        | Offered knowledge of Searing Ray by Vehumet.
  1306 | D        | Noticed a shadow
  1312 | D        | Killed a shadow
  1312 | D        | Reached skill level 12 in Spellcasting
  1312 | D        | Reached skill level 1 in Air Magic
  1312 | D        | Reached XP level 8. HP: 44/49 MP: 23/26
  1330 | D        | Found a blossoming altar of Fedhas.
  1330 | D        | Found a stormy altar of Qazlal.
  1330 | D        | Found a snail-covered altar of Cheibriados.
  1330 | D        | Found a burning altar of Makhleb.
  1330 | D        | Found a shimmering altar of Xom.
  1331 | D        | Found a hazy altar of Hepliaklqana.
  1331 | D        | Found an opulent altar of Gozag.
  1331 | D        | Found a sparkling altar of Nemelex Xobeh.
  1331 | D        | Found a corrupted altar of Lugonu.
  1331 | D        | Found a viscous altar of Jiyva.
  1345 | D        | Reached skill level 5 in Short Blades
  1416 | D        | Offered knowledge of Mephitic Cloud by Vehumet.
  1416 | D        | Reached *** piety under Vehumet
  1425 | D        | Learned a level 3 spell: Mephitic Cloud
  1509 | D        | Noticed a two-headed ogre
  1520 | D        | Killed a two-headed ogre
  1520 | D        | Offered knowledge of Ignite Poison by Vehumet.
  1520 | D        | Reached skill level 1 in Poison Magic
  1522 | D        | Noticed a two-headed ogre
  1544 | D        | Killed a two-headed ogre
  1544 | D        | Reached skill level 13 in Spellcasting
  1544 | D        | Reached XP level 9. HP: 12/55 MP: 5/28
  1549 | D        | Learned a level 3 spell: Ignite Poison
  1802 | D        | Noticed Erolcha
  1809 | D        | Killed Erolcha
  1818 | D        | Reached **** piety under Vehumet
  1818 | D        | Offered knowledge of Throw Icicle by Vehumet.
  1934 | D        | Reached skill level 14 in Spellcasting
  1934 | D        | Reached ***** piety under Vehumet
  1938 | D        | Reached ****** piety under Vehumet
  1938 | D        | Reached skill level 5 in Air Magic
  1941 | D        | Noticed a queen bee
  1941 | D        | Reached XP level 10. HP: 61/61 MP: 14/30
  1942 | D        | Offered knowledge of Iron Shot by Vehumet.
  1948 | D        | Reached skill level 10 in Dodging
  2055 | D        | Learned a level 6 spell: Iron Shot
  2059 | D        | Reached skill level 5 in Poison Magic
  2136 | D        | Reached skill level 15 in Spellcasting
  2136 | D        | Reached skill level 1 in Earth Magic
  2139 | D        | Offered knowledge of Bolt of Magma by Vehumet.
  2146 | D        | Learned a level 5 spell: Bolt of Magma
  2192 | D        | Noticed a spiny frog
  2192 | D        | Noticed a spiny frog
  2195 | D        | Reached skill level 10 in Fire Magic
  2198 | D        | Killed a spiny frog
  2200 | D        | Killed a spiny frog
  2200 | D        | Reached skill level 10 in Conjurations
  2626 | D        | Noticed a lindwurm
  2628 | D        | Killed a lindwurm
  2768 | D        | Noticed Urug
  2773 | D        | Killed Urug
  2773 | D        | Offered knowledge of Irradiate by Vehumet.
  2773 | D        | Reached skill level 16 in Spellcasting
  2773 | D        | Reached XP level 11. HP: 67/67 MP: 11/33
  3022 | D        | Noticed Rupert
  3026 | D        | Paralysed by Rupert for 7 turns
  3029 | D        | HP: 1/68 [Rupert/great sword of slicing (31)]
  3029 | D        | Mangled by Rupert

Vault maps used:
D:        dungeon_sprint_mu

Skill      XL: |  1  2  3  4  5  6  7  8  9 10 11 |
---------------+----------------------------------+-----
Fighting       | 1 2 4 5 6 7 |  7.8
Armour         | 1 2 4 5 6 7 |  7.8
Spellcasting   | 4 5 7 10 12 13 14 16 | 16.4
Conjurations   | 2 4 6 7 8 9 10 | 10.6
Dodging        | 3 4 5 7 8 9 10 | 10.6
Fire Magic     | 4 5 7 8 9 10 | 10.8
Short Blades   | 3 4 5 6 8 |  8.5
Air Magic      | 1 3 5 6 7 |  7.2
Poison Magic   | 2 4 6 7 |  7.0
Earth Magic    | 4 |  4.6
Stealth        | |  2.4

Action                   |  1- 3 |  4- 6 |  7- 9 | 10-12 || total
-------------------------+-------+-------+-------+-------++-------
Melee: Dagger            |       |       |       |     3 ||     3
 Cast: Flame Tongue      |    25 |     2 |    46 |    26 ||    99
       Throw Flame       |     1 |       |     3 |       ||     4
       Conjure Flame     |     1 |       |     6 |     3 ||    10
       Sticky Flame      |       |     3 |     7 |     3 ||    13
       Shock             |       |       |     6 |     1 ||     7
       Inner Flame       |       |       |     5 |     1 ||     6
       Fireball          |       |       |     2 |     1 ||     3
       Mephitic Cloud    |       |       |     6 |     1 ||     7
       Ignite Poison     |       |       |     4 |     1 ||     5
       Iron Shot         |       |       |       |    21 ||    21
       Bolt of Magma     |       |       |       |     5 ||     5
  Use: Potion            |     1 |     1 |       |       ||     2
       Scroll            |       |       |     4 |       ||     4
 Stab: Sleeping          |       |       |       |     3 ||     3
  Eat: Chunk             |       |       |     3 |       ||     3
       Royal jelly       |       |       |     2 |     5 ||     7
Armor: Robe              |       |     2 |       |       ||     2
Dodge: Dodged            |     8 |     4 |    19 |    13 ||    44
